 Dungeon Crawl Stone Soup version 0.29.1-15-g9cfb28693d (webtiles) character file.

Game seed: 6991009522549360554

110 Sanktem7 the Trooper (level 4, -6/42 HPs)
             Began as a Minotaur Fighter on Feb 25, 2023.
             Mangled by a gnoll
             ... wielding a +1 spear of flaming
              (9 damage)
             ... on level 3 of the Dungeon.
             The game lasted 00:02:42 (2351 turns).

Sanktem7 the Trooper (Minotaur Fighter)             Turns: 2351, Time: 00:02:42

Health: -6/42      AC:  7    Str: 29    XL:     4   Next: 61%
Magic:  3/3        EV:  9    Int:  5    God:
Gold:   135        SH:  4    Dex:  9    Spells: 3/3 levels left

rFire   . . .      SeeInvis .   a - +0 war axe {axe}
rCold   . . .      Faith    .   c - +0 buckler
rNeg    . . .      Spirit   .   b - +0 scale mail
rPois   .          Reflect  .   (helmet restricted)
rElec   .          Harm     .   (no cloak)
rCorr   .          Rampage  .   (no gloves)
Will    .....                   (no boots)
Stlth   ..........              (no amulet)
HPRegen 0.14/turn               j - +6 ring of strength
MPRegen 0.08/turn               (no ring)

@: no status effects
A: horns 2, retaliatory headbutt
a: no special abilities


You were on level 3 of the Dungeon.
You visited 1 branch of the dungeon, and saw 3 of its levels.

You collected 135 gold pieces.


Innate Abilities, Weirdness & Mutations

You have a pair of horns on your head.
You reflexively headbutt those who attack you in melee.


   Skills:
 * Level 5.0 Fighting
 * Level 4.1 Axes
 + Level 4.3 Armour
 - Level 3.6 Shields


You had 3 spell levels left.
You didn't know any spells.
Your spell library contained the following spells:

 Spells                   Type           Power      Damage    Failure   Level
 Beastly Appendage        Tmut           0%         N/A       82%         1
 Magic Dart               Conj           0%         1d3       82%         1
 Necrotise                Necr           0%         1d4       82%         1
 Call Imp                 Summ           0%         N/A       91%         2
 Wereblood                Tmut           0%         N/A       91%         2
 Mephitic Cloud           Conj/Pois/Air  0%         N/A       99%         3
 Spider Form              Tmut/Pois      0%         N/A       99%         3
 Vampiric Draining        Necr           0%         2d6       99%         3
 Agony                    Necr           0%         N/A       100%        5

Inventory:

Hand Weapons
 a - a +0 war axe (weapon) {axe}
 e - a +0 rapier of speed {short}
   (You found it on level 1 of the Dungeon)
Missiles
 f - 31 stones (quivered) {throwing}
Armour
 b - a +0 scale mail (worn)
 c - a +0 buckler (worn)
Jewellery
 h - a +6 ring of intelligence
   (You found it on level 1 of the Dungeon)
 j - a +6 ring of strength (left hand)
   (You found it on level 1 of the Dungeon)
 l - a +4 ring of evasion
   (You found it on level 1 of the Dungeon)
 q - a +4 ring of evasion
   (You found it on level 3 of the Dungeon)
Scrolls
 g - 4 scrolls of identify {unknown}
 i - 3 scrolls of teleportation {unknown}
 m - a scroll of amnesia {unknown}
 n - a scroll of poison {unknown}
 p - a scroll of fear {unknown}
Potions
 d - 2 potions of might
 k - 2 potions of curing {unknown}
 o - a potion of degeneration {unknown}

Dungeon Overview and Level Annotations

Branches:
Dungeon (3/15) Zot: 15605

Altars:
Elyvilon

#.......# #.......#
#.......# #.>.....#
#.......# #.......#
#.......# #####..
##+#..)###o......
#......@gg......
#.###.###g.....#
##.###.# ......#
###......# ......#
#.#......###......#
#.#................
#.#......##........
#........# #######
#.##.###.# ###


You could see 3 gnolls and an orc.


Message History

No target in view!
No target in view!
No target in view!
No target in view!
No target in view!
No target in view!
No target in view!
No target in view!
No target in view!
No target in view!
No target in view!
No target in view!
No target in view!
You now have 126 gold pieces (gained 10).
Found a stone staircase leading up.
Found a stone staircase leading down.
q - a +4 ring of evasion You pick up a book of Changes and begin reading...
You add the spells Beastly Appendage, Wereblood and Spider Form to your library.
A kobold comes into view. It is wielding a +0 whip.
A kobold is nearby!
The kobold shouts!
You hear a shout!
The kobold throws a stone.
The stone hits you but does no damage. The kobold closely misses you.
You closely miss the kobold. Your headbutt misses the kobold.
You block the kobold's attack. The kobold closely misses you.
You furiously retaliate!
You headbutt the kobold!
You kill the kobold!
No target in view!
No target in view!
No target in view!
No target in view!
No target in view!
No target in view!
No target in view!
No target in view!
No target in view!
No target in view!
No target in view!
No target in view!
f - 31 stones {throwing} (gained 4)
You now have 135 gold pieces (gained 9).
Things that are here:
a +0 whip {mace}; a kobold corpse A gnoll comes into view.
It is wielding a +0 flail.
A gnoll is nearby!
A gnoll comes into view. It is wielding a +1 spear of flaming.
The gnoll shouts! x2
An orc comes into view. It is wielding a +0 mace.
A gnoll comes into view. It is wielding a +0 club.
The orc shouts!
The gnoll shouts!
There is an open door here.
You closely miss the gnoll. Your headbutt misses the gnoll.
You barely miss the gnoll. You block the gnoll's attack.
The gnoll hits you from afar with a +1 spear of flaming.
The gnoll burns you.
The gnoll hits you with a +0 club. 😕 HP[-9]
You take 9 damage, and now have 33/42 hp.
MASSIVE DAMAGE!! (PAUSE)
You barely miss the gnoll. You hit the gnoll but do no damage.
You block the gnoll's attack. The gnoll misses you.
The gnoll hits you but does no damage. The orc hits you but does no damage.
The gnoll hits you with a +0 flail. The gnoll hits you but does no damage.
The gnoll hits you from afar with a +1 spear of flaming.
The gnoll burns you. 😮 HP[-7]
You take 7 damage, and now have 26/42 hp.
You barely miss the gnoll. Your headbutt misses the gnoll.
You hit the gnoll but do no damage. You hit the orc.
The gnoll hits you with a +0 flail.
The gnoll hits you from afar with a +1 spear of flaming.
* * * LOW HITPOINT WARNING * * *
The gnoll burns you.
* * * LOW HITPOINT WARNING * * *
The gnoll hits you with a +0 club.
* * * LOW HITPOINT WARNING * * *
The orc hits you but does no damage. 😨 HP[-14]
You take 14 damage, and now have 12/42 hp.
MASSIVE DAMAGE!! (PAUSE)
You slash the gnoll! Your headbutt misses the gnoll.
The gnoll barely misses you. x2
You closely miss the gnoll. Your headbutt misses the gnoll.
The gnoll closely misses you.
The gnoll hits you from afar with a +1 spear of flaming!
* * * LOW HITPOINT WARNING * * *
The gnoll burns you.
* * * LOW HITPOINT WARNING * * *
😱 HP[-10]
You take 10 damage, and now have 2/42 hp.
MASSIVE DAMAGE!! (PAUSE)
You hit the gnoll. The gnoll barely misses you. You furiously retaliate!
You headbutt the gnoll. The gnoll closely misses you.
You block the gnoll's attack.
You completely miss the gnoll. You block the gnoll's attack.
The gnoll closely misses you. 😱 HP[+1]
You slash the gnoll! Your headbutt misses the gnoll.
The gnoll hits you from afar with a +1 spear of flaming!
You die...

Skill      XL: |  1  2  3  4 |
---------------+-------------+-----
Fighting       | 4 5 |  5.0
Axes           | 3 4 |  4.1
Armour         | 4 |  4.3
Shields        | |  3.6

Action                   |  1- 3 |  4- 6 || total
-------------------------+-------+-------++-------
Melee: War axe           |    67 |    50 ||   117
       Headbutt          |     7 |     4 ||    11
Armor: Scale mail        |    28 |    28 ||    56
Dodge: Dodged            |    23 |    30 ||    53
Block: Buckler           |    12 |    15 ||    27

Levels and vault maps discovered:
D:1:      nzn_arrival_crosshair, layout_basic,
          hellmonk_ecumenical_altar_arch_garden, minivault_27
D:2:      layout_basic, basic_altar, uniq_jessica
D:3:      layout_basic, mrwooster_statue_mirror, saegor_snake_ambush

Notes
Turn   | Place    | Note
-------+----------+-------------------------------------------
     0 | D:1      | Sanktem7 the Minotaur Fighter began the quest for the Orb.
     0 | D:1      | Reached XP level 1. HP: 19/19 MP: 0/0
     0 | D:1      | magus.rc [v1.9.6]
   197 | D:1      | Reached XP level 2. HP: 27/27 MP: 1/1
   232 | D:1      | Reached skill level 4 in Fighting
   388 | D:1      | Reached skill level 3 in Axes
   682 | D:1      | Found a faded altar of an unknown god.
   794 | D:1      | You pick up a book of Minor Magic and begin reading...
   794 | D:1      | You add the spells Magic Dart, Call Imp and Mephitic Cloud
                  | to your library.
  1065 | D:1      | Reached skill level 4 in Armour
  1149 | D:2      | Reached XP level 3. HP: 33/33 MP: 2/2
  1244 | D:2      | You pick up a book of Necromancy and begin reading...
  1244 | D:2      | You add the spells Necrotise, Vampiric Draining and Agony
                  | to your library.
  1317 | D:2      | Noticed Jessica
  1321 | D:2      | Killed Jessica
  1322 | D:2      | Reached XP level 4. HP: 39/41 MP: 3/3
  1788 | D:2      | Found a white marble altar of Elyvilon.
  1792 | D:2      | Reached skill level 4 in Axes
  1808 | D:2      | Reached skill level 5 in Fighting
  2328 | D:3      | You pick up a book of Changes and begin reading...
  2328 | D:3      | You add the spells Beastly Appendage, Wereblood and Spider
                  | Form to your library.
  2348 | D:3      | HP: 5/42 [gnoll/+1 spear of flaming (7)]
  2348 | D:3      | HP: 2/42 [gnoll/+1 spear of flaming (3)]
  2351 | D:3      | Mangled by a gnoll

Vanquished Creatures
  Jessica (D:2)
  3 adders (D:2)
  2 worms (D:2)
  An orc (D:3)
  7 ball pythons
  3 bats
  7 endoplasms
  A giant cockroach (D:1)
  3 goblins
  6 hobgoblins (D:1)
  3 jackals (D:3)
  A quokka (D:1)
  4 frilled lizards (D:1)
  3 kobolds
  3 rats
48 creatures vanquished.

Table legend:
 A = Non-vault XP
 B = Vault XP
 C = Vault XP percentage of total XP
 D = Non-vault monster count
 E = Vault monster count
 F = Vault count percentage of total count
                 A         B        C        D         E       F
            +---------+---------+-------+---------+---------+-------
      Total |     121 |      37 |  23.4 |      47 |       1 |   2.1
            +---------+---------+-------+---------+---------+-------
        D:1 |      39 |       0 |   0.0 |      23 |       0 |   0.0
        D:2 |      70 |      37 |  34.6 |      18 |       1 |   5.3
        D:3 |      12 |       0 |   0.0 |       6 |       0 |   0.0
            +---------+---------+-------+---------+---------+-------

Illustrated notes

Table legend:
 A = Kills in this place as a percentage of kills in entire the game.
 B = Kills by you in this place as a percentage of kills by you in the entire game.
 C = Kills by friends in this place as a percentage of kills by friends in the entire game.
 D = Other kills in this place as a percentage of other kills in the entire game.
 E = Experience gained in this place as a percentage of experience gained in the entire game.
 F = Experience gained in this place divided by the number of levels of this place that you have seen.
                   A       B       C       D       E      F
               +-------+-------+-------+-------+-------+----------------------
         Total | 100.0 | 100.0 |   N/A |   N/A | 100.0 |  52.7
       Dungeon | 100.0 | 100.0 |   N/A |   N/A | 100.0 |  52.7
               +-------+-------+-------+-------+-------+----------------------

Table legend: (Time is in decaauts)
 A = Elapsed time spent in this place.
 B = Non-inter-level travel time spent in this place.
 C = Inter-level travel time spent in this place.
 D = Time resting spent in this place.
 E = Time spent auto-exploring this place.
 F = Levels seen in this place.
 G = Mean time per level.
                   A        B        C        D        E       F      G
               +--------+--------+--------+--------+--------+-----+--------+
         Total |   2393 |   2347 |     46 |      0 |   2016 |   3 |  797.7 |
       Dungeon |   2393 |   2347 |     46 |      0 |   2016 |   3 |  797.7 |
               +--------+--------+--------+--------+--------+-----+--------+

Top non-repeatable levels by time:
     D:1: 1141 daAuts
     D:2: 1018 daAuts
     D:3: 233 daAuts
